 Dungeon Crawl Stone Soup version 0.21.1-1-g345015fe64 (webtiles) character file.

52 Barbies the Shooter (level 3, 0/28 HPs)
             Began as a Centaur Arcane Marksman on May 29, 2018.
             Slain by a bat (1 damage)
             ... on level 2 of the Dungeon.
             The game lasted 00:14:52 (2055 turns).

Barbies the Shooter (Centaur Arcane Marksman)       Turns: 2055, Time: 00:14:53

Health: 0/28       AC:  4    Str: 12    XL:     3   Next: 60%
Magic:  4/4        EV: 10    Int: 12    God:
Gold:   56         SH:  0    Dex: 10    Spells: 3/4 levels left

rFire    . . .     SeeInvis .   j - +0 whip
rCold    . . .     Gourm    .   (no shield)
rNeg     . . .     Faith    .   e - +0 robe
rPois    .         Spirit   .   (no helmet)
rElec    .         Reflect  .   (no cloak)
rCorr    .         Harm     .   (no gloves)
MR       .....                  (no barding)
Stlth    +.........             (no amulet)
HPRegen  0.09/turn              (no ring)
MPRegen  0.09/turn              (no ring)

@: lethally poisoned (0 -> -3), very quick
A: large, hooves 3, deformed body, speed 2, tough skin 3
a: no special abilities


You were on level 2 of the Dungeon.
You were not hungry.

You visited 1 branch of the dungeon, and saw 2 of its levels.

You collected 56 gold pieces.

Inventory:

Hand Weapons
 a - a +0 shortbow
 j - a +0 whip (weapon)
 q - a +0 hunting sling
 v - a +0 club
Missiles
 b - 100 stones (quivered)
 l - 12 poisoned needles
 n - 21 bolts
 s - 6 sling bullets
Armour
 e - a +0 robe (worn)
Jewellery
 k - an uncursed ring of ice {unknown}
Scrolls
 g - 2 scrolls of remove curse {unknown}
 h - a scroll of blinking {unknown}
 m - 3 scrolls of teleportation {unknown}
 o - a scroll of enchant armour {unknown}
 p - a scroll of noise {unknown}
 r - a scroll of amnesia {unknown}
Potions
 i - a potion of curing {unknown}
 t - a potion of mutation {unknown}
 u - a potion of berserk rage {unknown}
Books
 c - a book of Debilitation

   Spells                             Type                      Level
   a - Corona                         Hexes                        1
   b - Slow                           Hexes                        2
   c - Inner Flame                    Hexes/Fire                   3
   d - Portal Projectile              Hexes/Translocation          3
   e - Cause Fear                     Hexes                        4
   f - Leda's Liquefaction            Hexes/Earth                  4
Comestibles
 f - 3 rations


   Skills:
 + Level 1.3 Fighting
 + Level 4.7 Bows
 + Level 1.4 Dodging
 + Level 0.1 Stealth
 + Level 1.0 Spellcasting
 + Level 3.0 Hexes


You had 3 spell levels left.
You knew the following spells:

 Your Spells              Type           Power        Failure   Level  Hunger
a - Corona                Hex            #......      9%          1    ##.....


Dungeon Overview and Level Annotations

Branches:
Dungeon (2/15)

Altars:


Innate Abilities, Weirdness & Mutations

You have hooves in place of feet.
Armour fits poorly on your strangely shaped body.
You cover ground very quickly.
You have extremely tough skin. (AC +3)


Message History

The bat hits you but does no damage.
You miss the adder. The bat hits you but does no damage.
The adder bites you but does no damage. The bat closely misses you.
The adder bites you.
* * * LOW HITPOINT WARNING * * *
* * * LOW HITPOINT WARNING * * *
You feel sick. The bat hits you but does no damage. The bat barely misses you.
The bat closely misses you. The bat hits you but does no damage.
The bat completely misses you.
* * * LOW HITPOINT WARNING * * *
You feel sick. The bat barely misses you.
You closely miss the bat. Your kick misses the bat.
The bat hits you but does no damage. The bat barely misses you.
You closely miss the bat. Your kick misses the bat.
The bat hits you but does no damage. The adder bites you.
* * * LOW HITPOINT WARNING * * *
The bat hits you.
You die...

##.# # ..# #.# #.# .## #.## #.# #
## ..## #..# #.# #.##.. )..#
##.###.# #....% .%.(
#..##.####.##..# ...#
##.........# #..## r(#
#.)#.####.# #..##(# #########
#....@b##.# ###..(##..
........#####.#.#S##.###........#
................#..r.r.).##....##
...........##...########.#######
...........##...# #.#
...........+....# #.#
...).......#..#.# #.#
..............#># #.#
.....†..####..#+#. #.#


You could see an adder, a bat and a rat.

Vanquished Creatures
  2 adders (D:2)
  2 dart slugs
  9 bats
  A giant cockroach (D:1)
  2 goblins (D:2)
  2 hobgoblins (D:1)
  2 jackals (D:2)
  5 kobolds (D:1)
  3 frilled lizards
  2 rats (D:2)
30 creatures vanquished.

Notes
Turn   | Place    | Note
-------+----------+-------------------------------------------
     0 | D:1      | Barbies the Centaur Arcane Marksman began the quest for the Orb.
     0 | D:1      | Reached XP level 1. HP: 16/16 MP: 2/2
   141 | D:1      | Reached skill level 3 in Bows
   250 | D:1      | Reached XP level 2. HP: 21/23 MP: 3/3
  1475 | D:2      | Reached skill level 4 in Bows
  1475 | D:2      | Reached XP level 3. HP: 27/28 MP: 4/4
  2055 | D:2      | HP: 1/28 [adder (3)]
  2055 | D:2      | Slain by a bat

Skill      XL: |  1  2 |
---------------+-------+-----
Bows           | 3 4 |  4.7
Hexes          | 3 |  3.0
Fighting       | |  1.3
Dodging        | |  1.4
Stealth        | |  0.1
Spellcasting   | |  1.0

Action                   || total
-------------------------++-------
Melee: Whip              ||     6
 Fire: Shortbow          ||   111
Throw: Stone             ||     5
  Eat: Ration            ||     1
Armor: Robe              ||    34
Dodge: Dodged            ||    45
